 Dungeon Crawl Stone Soup version 0.28.0-49-g6dfe1f597d (webtiles) character file.

Game seed: 8009468033544719848

53 Exodus22XD the Poker (level 3, 0/28 HPs)
             Began as a Demonspawn Gladiator on May 15, 2022.
             Succumbed to an adder's poison
             ... on level 2 of the Dungeon.
             The game lasted 00:00:54 (1278 turns).

Exodus22XD the Poker (Demonspawn Gladiator)         Turns: 1278, Time: 00:00:55

Health: 0/28       AC:  4    Str: 13 (16) XL:     3   Next: 62%
Magic:  3/3        EV: 12    Int:  6 (9)  God:
Gold:   41         SH:  0    Dex: 13 (14) Spells: 2/2 levels left

rFire   . . .      SeeInvis .   a - +0 trident
rCold   . . .      Faith    .   (no shield)
rNeg    . . .      Spirit   .   b - +0 leather armour
rPois   .          Reflect  .   c - +0 helmet
rElec   .          Harm     .   (no cloak)
rCorr   .          Rampage  .   (no gloves)
Will    .....                   (no boots)
Stlth   +.........              (no amulet)
HPRegen 0.09/turn               (no ring)
MPRegen 0.08/turn               (no ring)

@: lethally poisoned (0 -> -2)
A: sturdy frame 1
a: no special abilities


You were on level 2 of the Dungeon.
You visited 1 branch of the dungeon, and saw 2 of its levels.

You collected 41 gold pieces.

Inventory:

Hand Weapons
 a - a +0 trident (weapon)
Missiles
 d - 3 throwing nets (quivered)
Armour
 b - a +0 leather armour (worn)
 c - a +0 helmet (worn)
Scrolls
 e - 2 scrolls of identify {unknown}
 g - a scroll of noise {unknown}
 h - a scroll of vulnerability {unknown}
 i - a scroll of magic mapping {unknown}


   Skills:
 + Level 2.3 Fighting
 + Level 3.5 Polearms
 + Level 1.8 Throwing
 + Level 0.3 Armour
 + Level 3.1 Dodging
 + Level 0.3 Stealth


You had 2 spell levels left.
You didn't know any spells.
Your spell library was empty.

Dungeon Overview and Level Annotations

Branches:
Dungeon (2/15)

Altars:

Shops:
D:1 (


Innate Abilities, Weirdness & Mutations

Your movements are slightly less encumbered by armour. (ER -2)


Message History

The adder is moderately wounded.
The adder bites you.
You are poisoned.
The adder poisons you!
You barely miss the adder.
The adder is moderately wounded.
You feel sick. The adder bites you.
You are lethally poisoned!
The adder poisons you!
There is a lethal amount of poison in your body!
There is a lethal amount of poison in your body!
You are too injured to fight recklessly!
There is a lethal amount of poison in your body!
You are too injured to fight recklessly!
You miss the adder.
The adder is moderately wounded.
You feel very sick. The adder barely misses you. The adder misses you.
You closely miss the adder. Your punch misses the adder.
The adder is lightly wounded.
* * * LOW HITPOINT WARNING * * *
You feel sick. The adder misses you. The adder barely misses you.
It was a potion of degeneration.
There was something very wrong with that liquid.
You feel weakened.
You feel dopey.
You feel clumsy.
* * * LOW HITPOINT WARNING * * *
You feel sick. The adder closely misses you.
You hit the adder.
The adder is severely wounded.
* * * LOW HITPOINT WARNING * * *
You feel sick. The adder misses you.
You hit the adder.
You kill the adder!
* * * LOW HITPOINT WARNING * * *
You feel sick.
A goblin and a kobold come into view.
* * * LOW HITPOINT WARNING * * *
You feel sick.
The goblin shouts!
You die...

# # # #### # #..
##### ######.# ....#
#...##.#### ..#.#
#.#....(..# #
#...####...##.##.#.#
##....###.###...@..#
#...#.###.#
####....#
..#.#.....# #.....#
....####### ##...##
.#### #K## ....# g#
.#..# .# ..#... .#
.# #.#


You could see a goblin and a kobold (wandering).

Vanquished Creatures
  2 adders (D:2)
  2 worms (D:2)
  A dart slug (D:1)
  An endoplasm (D:1)
  4 giant cockroaches (D:1)
  A hobgoblin (D:1)
  6 jackals (D:1)
  4 ball pythons
  3 frilled lizards
  A kobold (D:1)
  4 rats
29 creatures vanquished.

Notes
Turn   | Place    | Note
-------+----------+-------------------------------------------
     0 | D:1      | Exodus22XD the Demonspawn Gladiator began the quest for the
                  | Orb.
     0 | D:1      | Reached XP level 1. HP: 16/16 MP: 1/1
    80 | D:1      | Found Etagop's Weapon Shoppe.
   189 | D:1      | Gained mutation: Your movements are slightly less
                  | encumbered by armour. (ER -2) [demonic ancestry]
   189 | D:1      | Reached XP level 2. HP: 18/22 MP: 2/2
  1089 | D:2      | Reached XP level 3. HP: 27/27 MP: 3/3
  1277 | D:2      | HP: 1/28 [poisoned by an adder]
  1278 | D:2      | Succumbed to an adder's poison

Illustrated notes

Levels and vault maps discovered:
D:1:      lightli_arrival_statuegarden, layout_loops_ring, serial_shops,
          nicolae_shop_bloodbath_and_beyond
D:2:      layout_loops_cross, skrybe_limestone_x

Skill      XL: |  1  2 |
---------------+-------+-----
Polearms       | 3 |  3.5
Dodging        | 3 |  3.1
Fighting       | |  2.3
Throwing       | |  1.8
Armour         | |  0.3
Stealth        | |  0.3

Action                   || total
-------------------------++-------
Melee: Trident           ||   105
       Punch             ||     2
  Use: Potion            ||     1
 Stab: Sleeping          ||     3
       Distracted        ||     1
Armor: Leather armour    ||    26
Dodge: Dodged            ||    50
